 Dungeon Crawl Stone Soup version 0.24-a0-272-g1411513 (webtiles) character file.

Game seed: 439353674333502669

31 TheOvate the Gusty (level 3, 0/19 HPs)
             Began as a Kobold Air Elementalist on Apr 25, 2019.
             Slain by an adder (4 damage)
             ... on level 1 of the Dungeon.
             The game lasted 00:04:42 (967 turns).

TheOvate the Gusty (Kobold Air Elementalist)         Turns: 967, Time: 00:04:42

Health: 0/19       AC:  2    Str:  6    XL:     3   Next: 40%
Magic:  0/7        EV: 15    Int: 16    God:
Gold:   29         SH:  0    Dex: 15    Spells: 1/7 levels left

rFire    . . .     SeeInvis .   e - +0 short sword
rCold    . . .     Gourm    .   (shield restricted)
rNeg     . . .     Faith    .   a - +0 robe
rPois    .         Spirit   .   (no helmet)
rElec    .         Reflect  .   (no cloak)
rCorr    .         Harm     .   (no gloves)
MR       .....                  (no boots)
Stlth    ++........             (no amulet)
HPRegen  0.06/turn              (no ring)
MPRegen  0.10/turn              (no ring)

@: no status effects
A: small, carnivore
a: no special abilities


You were on level 1 of the Dungeon.
You were completely stuffed.

You visited 1 branch of the dungeon, and saw 2 of its levels.

You collected 29 gold pieces.

Inventory:

Hand Weapons
 b - a +0 hunting sling
 e - a +0 short sword (weapon)
Armour
 a - a +0 robe (worn)
Scrolls
 f - a scroll of fog {unknown}
 i - a scroll of remove curse {unknown}
 j - a scroll of magic mapping {unknown}
 m - a scroll of identify {unknown}
Potions
 d - a potion of might {unknown}
 g - a potion of curing {unknown}
 h - a potion of magic {unknown}
 k - a potion of lignification {unknown}
Comestibles
 c - 2 rations
 l - 2 chunks of flesh


   Skills:
 + Level 2.7 Dodging
 + Level 2.8 Stealth
 + Level 2.7 Spellcasting
 + Level 1.4 Conjurations
 + Level 3.5 Air Magic


You had one spell level left.
You knew the following spells:

 Your Spells              Type           Power        Failure   Level  Hunger
a - Shock                 Conj/Air       ##..         7%          1    #......
b - Swiftness             Chrm/Air       #.......     14%         2    ##.....
c - Static Discharge      Conj/Air       ##......     21%         3    ###....

Your spell library contained the following spells:

 Spells                   Type           Power        Failure   Level  Hunger
 Airstrike                Air            ##........   41%         4    #####..
 Lightning Bolt           Conj/Air       ##........   88%         5    ######.


Dungeon Overview and Level Annotations

Branches:
Dungeon (2/15)

Altars:


Innate Abilities, Weirdness & Mutations

You are small and have problems with some larger weapons.
You are carnivorous and can eat meat at any time.


Message History

You feel sick.
You are no longer poisoned.
The adder barely misses you.
You see here a jackal skeleton.
The adder bites you.
* * * LOW HITPOINT WARNING * * *
Casting: Shock (safe; 7% risk of failure)
Confirm with . or Enter, or press ? or * to list all spells.
Aiming: Shock (safe; 7% risk of failure)
Press: ? - help, Shift-Dir - straight line, f/p - adder
Aim: an adder (lightly wounded)
The zap hits the adder.
The adder is heavily wounded.
You start to feel a little faster.
The adder barely misses you. x2
The adder misses you. The adder closely misses you.
You no longer feel sluggish.
The adder bites you.
You die...

#.....
#.####
#.####
#.....
######
###########
#...รท.....#
#S#######.#
#@#
#.########
#.#
#>........
#.#
##########
#.# #####
#.###
####....
#...#
#.......
###.#
#####.##.###
#.#
#........#
#.#
#.###.####


You could see an adder.

Vanquished Creatures
  2 dart slugs (D:1)
  3 bats (D:1)
  2 giant cockroaches (D:1)
  3 goblins (D:1)
  3 hobgoblins (D:1)
  4 jackals (D:1)
  2 kobolds (D:1)
  3 frilled lizards (D:1)
  2 rats
24 creatures vanquished.

Notes
Turn   | Place    | Note
-------+----------+-------------------------------------------
     0 | D:1      | TheOvate the Kobold Air Elementalist began the quest for
                  | the Orb.
     0 | D:1      | Reached XP level 1. HP: 10/10 MP: 3/3
   173 | D:1      | Reached XP level 2. HP: 15/15 MP: 0/5
   388 | D:1      | Learned a level 2 spell: Swiftness
   399 | D:1      | Reached XP level 3. HP: 19/19 MP: 0/7
   564 | D:1      | Learned a level 3 spell: Static Discharge
   967 | D:1      | Slain by an adder

Levels and vault maps discovered:
D:1:      evilmike_arrival_plus, layout_loops_ring
D:2:      layout_rooms, nicolae_overflow_crystal_walls

Action                   || total
-------------------------++-------
Melee: Hunting sling     ||     7
       Short sword       ||    20
 Cast: Shock             ||    42
       Swiftness         ||     2
 Stab: Sleeping          ||     1
  Eat: Chunk             ||     9
Armor: Robe              ||     2
Dodge: Dodged            ||    31

Table legend:
 A = Non-vault XP
 B = Vault XP
 C = Vault XP percentage of total XP
 D = Non-vault monster count
 E = Vault monster count
 F = Vault count percentage of total count
                 A         B        C        D         E       F
            +---------+---------+-------+---------+---------+-------
      Total |      45 |       0 |   0.0 |      24 |       0 |   0.0
            +---------+---------+-------+---------+---------+-------
        D:1 |      44 |       0 |   0.0 |      23 |       0 |   0.0
        D:2 |       1 |       0 |   0.0 |       1 |       0 |   0.0
            +---------+---------+-------+---------+---------+-------
